 Dungeon Crawl Stone Soup version 0.23-a0-577-g2b1de94 (console) character file.

17 Duffy the Magician (level 2, 0/22 HPs)
             Began as a Naga Wizard on Dec 14, 2018.
             Slain by a jackal (2 damage)
             ... on level 1 of the Dungeon.
             The game lasted 00:01:32 (445 turns).

Duffy the Magician (Naga Wizard)                     Turns: 445, Time: 00:01:33

Health: 0/22       AC:  2    Str:  9    XL:     2   Next: 62%
Magic:  0/6        EV: 10    Int: 18    God:
Gold:   25         SH:  0    Dex:  9    Spells: 6/7 levels left

rFire    . . .     SeeInvis +   g - +1 dagger (flame)
rCold    . . .     Gourm    .   (no shield)
rNeg     . . .     Faith    .   a - +0 robe
rPois    +         Spirit   .   b - +0 hat
rElec    .         Reflect  .   (no cloak)
rCorr    .         Harm     .   e - +0 pair of gloves
MR       .....                  (no barding)
Stlth    ++........             (no amulet)
HPRegen  0.07/turn              (no ring)
MPRegen  0.10/turn              (no ring)

@: short of breath, very slightly contaminated, very slow
A: large, see invisible, deformed body, poison resistance, slowness 2, slow
metabolism 1, spit poison 1, AC +0
a: Spit Poison


You were on level 1 of the Dungeon.
You were not hungry.

You visited 1 branch of the dungeon, and saw 1 of its levels.

You collected 25 gold pieces.

Inventory:

Hand Weapons
 g - a +1 dagger of flaming (weapon)
Armour
 a - a +0 robe (worn)
 b - a +0 hat (worn)
 e - a +0 pair of gloves (worn)
Scrolls
 h - a scroll of remove curse {unknown}
Potions
 f - a potion of curing {unknown}
Comestibles
 c - 4 chunks of flesh
 d - a ration


   Skills:
 - Level 1.5 Dodging
 - Level 3.0 Stealth
 + Level 3.3 Spellcasting
 + Level 1.9 Conjurations
   Level 1.0 Summonings
   Level 1.0 Translocations


You had 6 spell levels left.
You knew the following spells:

 Your Spells              Type           Power        Failure   Level  Hunger
h - Magic Dart            Conj           #...         7%          1    None

Your spell library contained the following spells:

 Spells                   Type           Power        Failure   Level  Hunger
 Blink                    Tloc           N/A          16%         2    ##.....
 Call Imp                 Summ           #.......     16%         2    ##.....
 Slow                     Hex            #.......     24%         2    ##.....
 Conjure Flame            Conj/Fire      #.......     32%         3    ###....
 Mephitic Cloud           Conj/Pois/Air  #.......     36%         3    ###....


Dungeon Overview and Level Annotations

Branches:
Dungeon (1/15)

Altars:


Innate Abilities, Weirdness & Mutations

You cannot wear boots.
Your serpentine skin is tough. (AC +0)
You have supernaturally acute eyesight. (SInv)
Armour fits poorly on your strangely shaped body.
Your system is resistant to poisons. (rPois)
You cover ground very slowly.
You have a slow metabolism.
You can spit poison.


Message History

The magic dart hits the jackal.
The jackal bites you.
The jackal bites you but does no damage.
Casting: Magic Dart (safe; 7% risk of failure)
Confirm with . or Enter, or press ? or * to list all spells.
You don't have enough magic to cast that spell.
You completely miss the jackal.
The jackal bites you but does no damage.
You closely miss the jackal. The jackal bites you. x2
Press: ? - help, Shift-Dir - straight line, f/p - jackal
Aim: a jackal The splash of poison misses the jackal.
You feel slightly more hungry.
The jackal bites you but does no damage.
You barely miss the jackal.
The jackal bites you but does no damage.
You barely miss the jackal. The jackal bites you. x2
You closely miss the jackal.
The jackal bites you but does no damage.
You hit the jackal but do no damage. The jackal misses you.
The jackal bites you.
You die...

. ##..#.####...
####....###...
###...)#......####
..................###
......>.....).......#
.............##..##.#########
..##########.....%...........
. ##########..###........
.......@h....%...).....
###############........
#........ #########


You could see a jackal.

Vanquished Creatures
  A dart slug (D:1)
  2 bats (D:1)
  2 hobgoblins (D:1)
  2 jackals (D:1)
  A kobold (D:1)
  A frilled lizard (D:1)
  3 goblins (D:1)
  2 rats (D:1)
14 creatures vanquished.

Notes
Turn   | Place    | Note
-------+----------+-------------------------------------------
     0 | D:1      | Duffy the Naga Wizard began the quest for the Orb.
     0 | D:1      | Reached XP level 1. HP: 15/15 MP: 4/4
   151 | D:1      | Reached XP level 2. HP: 22/22 MP: 4/6
   443 | D:1      | HP: 1/22 [jackal (1)]
   445 | D:1      | Slain by a jackal

Vault maps used:
D:1:      tarquinn_simple_flora_water_f

Action                   || total
-------------------------++-------
Melee: Dagger            ||    12
 Cast: Magic Dart        ||    34
 Abil: Spit Poison       ||     9
Armor: Robe              ||    10
Dodge: Dodged            ||    32

Table legend:
 A = Non-vault XP
 B = Vault XP
 C = Vault XP percentage of total XP
 D = Non-vault monster count
 E = Vault monster count
 F = Vault count percentage of total count
                 A         B        C        D         E       F
            +---------+---------+-------+---------+---------+-------
      Total |      25 |       0 |   0.0 |      14 |       0 |   0.0
            +---------+---------+-------+---------+---------+-------
        D:1 |      25 |       0 |   0.0 |      14 |       0 |   0.0
            +---------+---------+-------+---------+---------+-------
